 Dungeon Crawl Stone Soup version 0.20-a0-251-g16a58bf (webtiles) character file.

683161 nubinia the Archmage (level 27, -52/126 HPs)
             Began as a Spriggan Venom Mage on Nov 22, 2016.
             Was the Champion of Zin.
             Annihilated by an azure jelly (55 damage)
             ... on level 1 of the Pits of Slime on Nov 30, 2016.
             The game lasted 15:29:30 (98202 turns).

nubinia the Archmage (Spriggan Venom Mage)         Turns: 98202, Time: 15:29:30

Health: -52/126    AC: 12    Str:  7      XL:     27
Magic:  43/55      EV: 39    Int: 33      God:    Zin [******]
Gold:   4912       SH: 14    Dex: 29 (30) Spells: 20/80 levels left

rFire  + . .     SeeInvis +     a - +7 short sword "Puxaide" {pierce, Dex+4}
rCold  x . .     Gourm    .     O - +2 robe {rN+}
rNeg   + + .     Faith    .     e - +3 buckler {AC+3}
rPois  +         Spirit   .     i - +2 hat {Int+3}
rElec  +         Reflect  .     X - +2 cloak {MR+}
rCorr  .         Harm     .     (gloves unavailable)
MR     +++++                    (boots unavailable)
Stlth  ++++++++++               H - amulet "Loseshuk" {RegenMP MR+ Stlth+}
                                W - ring of the Priest {Fire rN+ Dex+3 Stlth+}
                                G - ring "Doesuala" {*Contam rPois Str+3 Int+7 SInv}

@: very slightly contaminated, very quick
A: unfitting armour, hooves 1, see invisible, herbivore 3, speed 3, poison
resistance, electricity resistance, slow metabolism 2, sturdy frame 1
}: 3/15 runes: serpentine, barnacled, silver
a: Recite, Vitalisation, Imprison, Sanctuary, Donate Gold, Cure All Mutations,
Renounce Religion


You were on level 1 of the Pits of Slime.
You worshipped Zin.
Zin was exalted by your worship.
You were very full.

You visited 12 branches of the dungeon, and saw 51 of its levels.
You visited the Abyss 1 time.
You visited 1 ziggurat, and saw 12 of its levels.
You also visited: Trove, Sewer, Ossuary and Bailey.

You collected 10670 gold pieces.
You spent 904 gold pieces at shops.
You donated 4854 gold pieces to Zin.

Inventory:

Hand Weapons
 a - the +7 short sword "Puxaide" (weapon) {pierce, Dex+4}
   (You took it off a centaur on level 7 of the Dungeon)

   It inflicts extra damage upon your enemies.
   It affects your dexterity (+4).
 b - a +9 dagger of protection
 I - the +11 rapier of Uskayaw's Delight {holy, rF++}
   (You found it on level 5 of a ziggurat)

   It has been blessed by the Shining One to cause great damage to the undead
   and demons.
   It greatly protects you from fire.
 J - a +7 quick blade
Armour
 e - a +3 buckler of protection (worn)
 i - a +2 hat of intelligence (worn)
 n - a +2 robe of resistance
 O - a +2 robe of positive energy (worn)
 X - a +2 cloak of magic resistance (worn)
Jewellery
 c - the ring "Voike" {+Blink rElec Str+2 Dex+4}
   (You found it in a treasure trove)

   [ring of strength]

   It affects your strength (+2).
   It affects your dexterity (+4).
   It insulates you from electricity.
   It lets you blink.
 g - the ring of Ubear {rPois MR+ Str+4 Int+4 Dex+3}
   (You took it off an orc on level 8 of the Dungeon)

   [ring of dexterity]

   It affects your strength (+4).
   It affects your intelligence (+4).
   It affects your dexterity (+3).
   It protects you from poison.
   It affects your resistance to hostile enchantments.
 s - the ring "Nuvvea" {+Blink rElec rN+ Str+3 Stlth+}
   (You took it off a deep elf sorcerer on level 3 of the Elven Halls)

   [ring of stealth]

   It affects your strength (+3).
   It insulates you from electricity.
   It protects you from negative energy.
   It lets you blink.
   It makes you more stealthy.
 C - the ring of Edodyv {rElec rPois rC+ Str+3}
   (You found it on level 3 of the Tomb of the Ancients)

   [ring of protection from cold]

   It affects your strength (+3).
   It protects you from cold.
   It insulates you from electricity.
   It protects you from poison.
 G - the ring "Doesuala" (left hand) {*Contam rPois Str+3 Int+7 SInv}
   (You found it on level 4 of the Dungeon)

   [ring of strength]

   It affects your strength (+3).
   It affects your intelligence (+7).
   It protects you from poison.
   It lets you see invisible.
   It causes magical contamination when unequipped.
 H - the amulet "Loseshuk" (around neck) {RegenMP MR+ Stlth+}
   (You took it off a vampire mage on level 1 of the Depths)

   [amulet of magic regeneration]

   It increases your magic regeneration.
   It affects your resistance to hostile enchantments.
   It makes you more stealthy.
 N - the ring of Satyriasis {MR+ AC+3 Dex+7}
   (You took it off an orc on level 4 of the Vaults)

   [ring of protection]

   It affects your AC (+3).
   It affects your dexterity (+7).
   It affects your resistance to hostile enchantments.
 R - the ring "Jihuppest" {rPois rC- rN+++ Int-3 Dex+5}
   (You took it off a yaktaur captain on level 5 of the Vaults)

   [ring of dexterity]

   It affects your intelligence (-3).
   It affects your dexterity (+5).
   It makes you vulnerable to cold.
   It protects you from poison.
   It renders you almost immune to negative energy.
 W - the ring of the Priest (right hand) {Fire rN+ Dex+3 Stlth+}
   (You took it off a merfolk impaler on level 4 of the Shoals)

   [ring of fire]

   It enhances your fire magic.
   It affects your dexterity (+3).
   It protects you from fire.
   It makes you vulnerable to cold.
   It protects you from negative energy.
   It makes you more stealthy.
 Z - the amulet "Dapurar" {Regen+ Str+5}
   (You found it on level 7 of a ziggurat)

   [amulet of regeneration]

   It affects your strength (+5).
   It increases your rate of regeneration.
Wands
 j - a wand of heal wounds (7/9)
 u - a wand of iceblast (10/15)
 v - a wand of teleportation (5/9)
Scrolls
 f - 25 scrolls of remove curse
 p - a scroll of holy word
 x - 8 scrolls of fear
 y - 12 scrolls of teleportation
 z - a scroll of silence
 B - 6 scrolls of blinking
 D - 4 scrolls of amnesia
 E - 8 scrolls of recharging
 V - 4 scrolls of identify
Potions
 d - 9 potions of flight
 h - 2 potions of resistance
 k - a potion of invisibility
 m - 2 potions of cancellation
 o - 5 potions of brilliance
 q - 2 potions of agility
 A - 22 potions of curing
 L - 4 potions of magic
 M - 3 potions of haste
 U - 8 potions of heal wounds
Books
 S - a book of Geomancy

   Spells                             Type                      Level
   a - Sandblast                      Earth                        1
   b - Passwall                       Transmutation/Earth          2
   c - Stone Arrow                    Conjuration/Earth            3
   d - Petrify                        Transmutation/Earth          4
   e - Lee's Rapid Deconstruction     Earth                        5
Miscellaneous
 l - a phial of floods
 r - 6 sacks of spiders
 t - a fan of gales
 w - a disc of storms
 F - 7 phantom mirrors
 K - a lamp of fire
Comestibles
 Y - 11 slices of pizza


   Skills:
 + Level 7.3 Fighting
 + Level 13.3 Short Blades
   Level 4.0 Slings
 + Level 18.6 Dodging
 + Level 21.8 Stealth
 + Level 10.7 Shields
 O Level 27 Spellcasting
 + Level 15.2 Conjurations
 + Level 8.0 Hexes
 + Level 21.0 Charms
   Level 4.5 Necromancy
 O Level 27 Translocations
 - Level 7.1 Ice Magic
 - Level 6.6 Air Magic
 * Level 6.0 Earth Magic
 - Level 4.7 Poison Magic
 * Level 3.0 Invocations
 + Level 4.2 Evocations


You had 20 spell levels left.
You knew the following spells:

 Your Spells              Type           Power        Failure   Level  Hunger
a - Magic Dart            Conj           ####         0%          1    None
b - Iskenderun's Mystic   Conj           #######.     0%          4    None
c - Mephitic Cloud        Conj/Pois/Air  #######.     1%          3    None
d - Passwall              Tmut/Erth      ######....   1%          2    None
f - Force Lance           Conj/Tloc      ########     0%          4    None
g - Shroud of Golubria    Chrm/Tloc      ########..   0%          2    None
h - Controlled Blink      Tloc           N/A          1%          8    None
i - Iskenderun's Battles  Conj/Chrm      ########     0%          5    None
j - Passage of Golubria   Tloc           N/A          0%          4    None
k - Dispersal             Tloc           ########..   0%          6    None
l - Lee's Rapid Deconstr  Erth           ######....   1%          5    None
m - Blink                 Tloc           N/A          0%          2    None
o - Ozocubu's Armour      Chrm/Ice       #######.     0%          3    None
r - Deflect Missiles      Chrm/Air       #######...   1%          6    None
A - Apportation           Tloc           ########..   0%          1    None
F - Cause Fear            Hex            #######...   1%          4    None


Dungeon Overview and Level Annotations

Branches:
Dungeon (15/15)            Temple (1/1) D:5            Lair (6/6) D:9
 Shoals (4/4) Lair:2        Snake (4/4) Lair:4        Slime (2/5) Lair:6
    Orc (2/2) D:9             Elf (3/3) Orc:2        Vaults (5/5) D:14
  Crypt (3/3) Vaults:2       Tomb (3/3) Crypt:3      Depths (3/5) D:15

Altars:
Ashenzari
Cheibriados
Dithmenos
Elyvilon
Fedhas
Gozag
Hepliaklqana
Kikubaaqudgha
Makhleb
Nemelex Xobeh
Okawaru
Qazlal
Ru
Sif Muna
Trog
Uskayaw
Vehumet
Xom
Yredelemnul
Zin
The Shining One
Beogh
Jiyva

Shops:
D:5 %   D:12 !   D:14 %   Orc:2 (!%*   Elf:3 :   Shoals:3 [   Shoals:4 (
Snake:4 (

Portals:
Hell: Depths:1 Depths:2 Depths:3
Abyss: Depths:1
Pandemonium: Depths:1 Depths:3
Ziggurat: Depths:1

Annotations:
D:3 anet's ghost, amateur KoHu
Shoals:1 exclusion: Roxanne, Roxanne
Snake:3 Vashnia
Elf:2 3 runed doors
Vaults:4 Saint Roka


Innate Abilities, Weirdness & Mutations

You are very small and have problems with some larger weapons.
You are too small for most types of armour.
You have supernaturally acute eyesight. (SInv)
You are a herbivore.
You cover ground extremely quickly.
You need consume almost no food.
You have large cloven feet.
Your system is resistant to poisons. (rPois)
You are resistant to electric shocks. (rElec)
Your movements are slightly less encumbered by armour. (ER -2)


Message History

Aiming: Iskenderun's Mystic Blast
Press: ? - help, Shift-Dir - straight line, f/p - azure jelly
Aim: an azure jelly (lightly wounded)
Okay, then.
Casting: Iskenderun's Mystic Blast
Confirm with . or Enter, or press ? or * to list all spells.
Aiming: Force Lance
Press: ? - help, Shift-Dir - straight line, f/p - azure jelly
Aim: an azure jelly (lightly wounded)
You feel a surge of divine spite.
You miscast Force Lance.
You are very lightly contaminated with residual magic.
You are caught in a strong localised spatial distortion.
The azure jelly hits you. The azure jelly freezes you!!!
You feel a terrible chill!
* * * LOW HITPOINT WARNING * * *
The azure jelly hits you.
* * * LOW HITPOINT WARNING * * *
The azure jelly freezes you!!!
You feel a terrible chill!
You die...

##.........#.#
##...........####
#...............##
#................#
##...........#..##
#...............#### #
#..............#.#.##.#
##...<....J............
##.........@.....#.##
#..................##
##.......*..........#
#...................#
##.#...............##
#................###
##................###
#..................#
##.............##....#


You could see an azure jelly and a friendly battlesphere.

Vanquished Creatures
  The ghost of Iwannabefree the Executioner, a legendary NaIE of Makhleb (Tomb:2)
  3 ancient liches
  A juggernaut (Depths:3)
  37 greater mummies
  Margery (Depths:1)
  A caustic shrike (Depths:3)
  Xtahua (Vaults:5)
  7 golden dragons
  12 liches
  2 tentacled monstrosities
  2 quicksilver dragons
  4 deep elf blademasters (Elf:3)
  3 deep elf master archers
  Polyphemus (Shoals:2)
  3 titans
  Kirke (Shoals:4)
  3 tentacled starspawn
  7 ancient champions
  10 sphinxes
  The ghost of KristoblXynda the Spry, an adept SpBe of Trog (Vaults:1)
  8 tengu reavers
  3 shadow dragons
  5 storm dragons
  Ilsuiw (Shoals:4)
  5 revenants
  The ghost of murphy the Brawler, a journeyman TrWn of Xom (Depths:2)
  14 fire giants
  A draconian monk (Zig:10)
  5 nagarajas (Snake:4)
  A draconian knight (Zig:10)
  Aizul (Snake:3)
  The ghost of murphy the Severer, a journeyman MiBe of Trog (Lair:6)
  A juggernaut zombie (Zig:12)
  7 frost giants
  2 ghouls
  2 orc warlords (Orc:2)
  11 deep elf sorcerers
  6 curse skulls
  6 deep elf elementalists
  8 vault wardens
  Louise (Shoals:2)
  2 draconian scorchers (Zig:10)
  13 ironheart preservers
  The ghost of murphy the Brawler, a journeyman TrWn of Ru (Depths:2)
  A draconian annihilator (Zig:10)
  2 spriggan defenders
  A draconian stormcaller (Zig:10)
  18 stone giants
  A war gargoyle (Vaults:5)
  5 reapers
  3 entropy weavers
  An ophan (Zig:4)
  12 very ugly things
  6 deep elf demonologists
  2 bennus
  2 apis (Zig:4)
  9 vampire knights
  A red draconian (Zig:10)
  17 deep elf annihilators
  A white draconian (Zig:10)
  7 dire elephants
  13 eidola (Crypt:3)
  18 yaktaur captains
  31 mummy priests
  6 deep elf death magi
  5 ettins
  5 merfolk impalers
  5 merfolk javelineers
  Josephine (D:13)
  5 great orbs of eyes
  3 deep elf high priests (Elf:3)
  9 fire dragons
  10 jiangshi
  5 ice dragons
  A monstrous demonspawn (Depths:3)
  10 ogre magi
  2 spriggan air magi (Depths:1)
  11 rakshasas
  13 naga warriors
  4 merfolk aquamancers
  12 hydras
  25 vault guards
  2 quicksilver dragon skeletons
  10 centaur warriors
  2 catoblepae
  2 alligator snapping turtles
  4 death knights
  13 anacondas
  3 satyrs
  A tengu warrior (Depths:3)
  5 merfolk avatars
  59 death scarabs
  4 deep troll shamans
  6 orc high priests
  2 deep troll earth magi (Depths:3)
  3 spriggan berserkers (Depths:3)
  A thrashing horror (Abyss:5)
  8 death yaks
  20 dancing weapons
  Urug (Orc:1)
  9 vampire magi
  4 shock serpents
  19 naga sharpshooters
  A titan skeleton (Crypt:3)
  A wretched star (Abyss:3)
  8 soul eaters
  16 deep elf knights
  2 fire crabs (Lair:6)
  3 hell knights
  13 skeletal warriors
  4 shadow wraiths
  A fire crab (shapeshifter) (Depths:3)
  A salamander mystic (Snake:3)
  A storm dragon skeleton (Vaults:4)
  A cherub (Zig:4)
  3 flayed ghosts
  6 sea snakes
  7 glowing orange brains
  8 deep trolls
  5 wizards
  A golden dragon skeleton (Crypt:1)
  A golden dragon zombie (Crypt:1)
  9 naga ritualists
  An entropy weaver zombie (Crypt:2)
  2 unseen horrors (D:12)
  A wolf spider zombie (Tomb:2)
  16 ironbrand convokers
  8 hill giants
  A hill giant (shapeshifter) (Depths:3)
  14 deep elf archers
  An iron giant skeleton (Crypt:1)
  13 necromancers
  62 deep elf magi
  18 phantasmal warriors
  17 orc knights
  Pikel (D:5)
  A tengu zombie (Vaults:4)
  A lindwurm (shapeshifter) (Vaults:5)
  A sphinx zombie (Vaults:4)
  19 harpies
  3 wolf spiders
  An anaconda skeleton (Crypt:2)
  A mana viper (shapeshifter) (Vaults:5)
  2 fire giant zombies
  6 fauns
  2 iron dragon zombies
  4 mana vipers
  10 cyclopes
  8 manticores
  A frost giant zombie (Tomb:2)
  3 stone giant zombies
  34 ugly things
  A faun (shapeshifter) (Vaults:4)
  A salamander (shapeshifter) (Elf:1)
  An iron dragon skeleton (Crypt:2)
  10 salamanders
  4 orc sorcerers (Orc:2)
  7 merfolk sirens
  28 black mambas
  Maurice (D:10)
  19 elephants
  A smoke demon (Abyss:5)
  3 molten gargoyles (Lair:6)
  13 vault sentinels
  A stone giant skeleton (Crypt:3)
  A guardian serpent (shapeshifter) (D:15)
  2 torpor snails
  2 guardian serpents
  3 emperor scorpion zombies
  A dire elephant skeleton (Crypt:3)
  23 naga magi
  6 water nymphs
  3 gargoyles
  A black draconian zombie (Crypt:1)
  A human zombie (Vaults:4)
  A pale draconian zombie (Crypt:1)
  9 spiny frogs
  3 rime drakes
  A yaktaur (shapeshifter) (Vaults:2)
  3 kobold demonologists
  8 komodo dragons
  A komodo dragon (shapeshifter) (Elf:1)
  14 freezing wraiths
  An iron troll zombie (Crypt:1)
  A tormentor (Depths:3)
  3 ancient zymes
  2 tengu conjurers
  47 yaktaurs
  57 guardian mummies
  A hydra zombie (Crypt:2)
  14 hellwings
  A red devil (Depths:2)
  A harpy zombie (Crypt:1)
  2 jumping spiders (Crypt:3)
  10 trolls
  A troll (shapeshifter) (Vaults:3)
  23 merfolk
  A wind drake (Shoals:1)
  17 two-headed ogres
  2 polar bears (D:15)
  A black draconian skeleton (Crypt:2)
  2 hornets (Depths:3)
  A hydra skeleton (Crypt:3)
  A dream sheep (shapeshifter) (Vaults:4)
  16 raiju
  32 slime creatures
  A raiju (shapeshifter) (Depths:3)
  A slime creature (shapeshifter) (Zig:1)
  A fire dragon zombie (Crypt:3)
  11 blink frogs (Lair:6)
  A snapping turtle (shapeshifter) (Vaults:4)
  An ettin zombie (Tomb:1)
  13 dream sheep
  6 snapping turtles
  11 hippogriffs
  14 flying skulls
  7 air elementals
  A frost giant simulacrum (Vaults:3)
  A shadow (D:15)
  7 water elementals
  A fire dragon skeleton (Tomb:3)
  A black mamba zombie (Crypt:3)
  An ettin skeleton (Crypt:3)
  10 redbacks
  A human (D:7)
  A fire elemental (Elf:2)
  A spriggan (Depths:3)
  17 wraiths
  4 wyverns
  An orc simulacrum (Vaults:3)
  2 hungry ghosts
  3 hogs
  45 yaks
  A yak (shapeshifter) (Elf:2)
  18 ushabtiu
  8 basilisks
  A hog (shapeshifter) (Depths:1)
  2 vampire mosquitoes (D:15)
  A human (shapeshifter) (Vaults:3)
  A neqoxec (Depths:3)
  2 chaos spawn
  39 nagas
  A merfolk zombie (Crypt:3)
  6 wargs
  Menkaure (D:5)
  A spatial vortex (Abyss:5)
  An acid dragon (D:13)
  4 hell hounds
  2 large abominations
  A water nymph skeleton (Crypt:2)
  2 spiny frog zombies
  16 water moccasins
  5 porcupines
  A porcupine (shapeshifter) (Vaults:4)
  A floating eye (Depths:2)
  6 ice beasts
  53 orc warriors
  2 phantoms
  2 snapping turtle zombies
  52 ogres
  4 sky beasts
  An ogre (shapeshifter) (Vaults:5)
  A necrophage (D:14)
  4 boggarts
  13 centaurs
  10 crocodiles
  A centaur (shapeshifter) (Depths:3)
  A manticore skeleton (Crypt:3)
  3 big kobolds
  An elf zombie (Ossuary)
  3 earth elementals
  22 bullfrogs
  A gnoll sergeant (D:7)
  2 wyvern zombies
  2 human skeletons
  7 wyvern skeletons (Crypt:3)
  6 scorpions
  9 killer bees
  2 human simulacra
  8 wights
  3 howler monkeys
  5 lava snakes (Lair:6)
  8 crimson imps
  2 bullfrog zombies
  2 starcursed masses (Abyss:5)
  2 centaur zombies
  6 quasits
  2 bullfrog skeletons
  6 hounds
  A soldier ant zombie (Crypt:2)
  33 orc priests
  5 centaur skeletons
  7 iguanas
  2 iron imps (Depths:3)
  28 orc wizards
  A gnoll shaman (D:9)
  6 jellies
  Natasha (D:2)
  11 worker ants
  A big kobold zombie (Ossuary)
  4 hound zombies
  A hound skeleton (Crypt:1)
  72 mummies
  A worker ant zombie (D:6)
  15 gnolls
  2 howler monkey skeletons
  25 adders
  5 shadow imps
  A white imp (Depths:3)
  2 ufetubi (Depths:3)
  7 oozes
  2 adder zombies
  2 adder skeletons
  8 worms
  7 dart slugs
  A dart slug (shapeshifter) (Vaults:4)
  12 leopard geckos
  161 orcs
  10 giant cockroaches
  10 goblins
  9 hobgoblins
  A jackal (shapeshifter) (Depths:3)
  6 jackals
  28 kobolds
  3 quokkas
  8 ball pythons
  14 bats
  9 frilled lizards
  A goblin zombie (Ossuary)
  A hobgoblin zombie (Ossuary)
  2 jackal skeletons
  5 jackal zombies
  2 orc zombies (Ossuary)
  A quokka skeleton (D:8)
  A quokka zombie (D:7)
  6 rats
  A fungus (Lair:2)
  2 plants (Shoals:2)
  A starspawn tentacle (Abyss:1)
2498 creatures vanquished.

Vanquished Creatures (collateral kills)
  A greater mummy (Tomb:1)
  A lich (Depths:2)
  Jorgrun (Snake:4)
  A hellephant (Depths:2)
  A tentacled monstrosity (Depths:3)
  A quicksilver dragon (Depths:3)
  4 sphinxes (Tomb:1)
  2 tengu reavers (Depths:3)
  2 shadow dragons (Vaults:5)
  A draconian scorcher (Zig:10)
  4 frost giants
  A draconian annihilator (Zig:10)
  4 very ugly things
  A war gargoyle (Vaults:5)
  An ironheart preserver (Zig:5)
  A spriggan defender (Depths:3)
  5 stone giants
  A green draconian (Zig:10)
  9 dire elephants
  4 merfolk javelineers
  4 mummy priests
  2 fire dragons
  A fire dragon (shapeshifter) (Depths:3)
  3 ettins
  An ogre mage (Vaults:3)
  3 merfolk impalers
  The ghost of murphy the Fighter, a journeyman MiBe of Trog (D:11)
  4 yaktaur captains
  2 great orbs of eyes
  3 vault guards (Vaults:4)
  3 naga warriors (Snake:4)
  4 ice dragons
  27 death scarabs
  3 anacondas
  A catoblepas (Shoals:2)
  2 merfolk avatars
  2 merfolk aquamancers (Shoals:4)
  3 deep troll shamans
  4 death yaks
  A tengu warrior (Depths:1)
  3 hell knights
  2 naga sharpshooters
  A titan zombie (Crypt:3)
  2 shock serpents (Snake:3)
  A spriggan berserker (Depths:3)
  An orc high priest (Orc:2)
  2 deep elf knights
  A hellephant skeleton (Crypt:1)
  A shadow wraith (Vaults:4)
  An anaconda zombie (Crypt:1)
  2 wizards
  3 deep trolls
  5 sea snakes
  2 naga ritualists
  2 harpies (Shoals:4)
  3 hill giants
  3 necromancers
  3 ironbrand convokers
  3 stone giant zombies
  An iron dragon zombie (Crypt:3)
  An orc sorcerer (Orc:2)
  2 wolf spiders
  4 deep elf magi
  3 manticores
  2 salamanders
  3 cyclopes
  8 ugly things
  A frost giant skeleton (Crypt:3)
  3 elephants (Lair:4)
  A merfolk siren (Shoals:2)
  4 naga magi
  3 vault sentinels
  A stone giant skeleton (Crypt:3)
  2 fire giant skeletons (Crypt:3)
  A torpor snail (Lair:2)
  7 black mambas
  A water nymph (Shoals:4)
  A death yak zombie (Crypt:2)
  3 spiny frogs
  A komodo dragon (Lair:6)
  2 freezing wraiths
  4 guardian mummies
  9 merfolk
  A troll (D:13)
  A jumping spider (Crypt:3)
  A polar bear (shapeshifter) (Vaults:1)
  A hydra zombie (Crypt:3)
  A hydra skeleton (Crypt:3)
  A wind drake (Shoals:2)
  3 blink frogs (Lair:6)
  6 dream sheep (Lair:6)
  10 slime creatures
  2 hippogriffs
  Prince Ribbit (D:9)
  2 two-headed ogres
  3 snapping turtles
  An ice dragon zombie (Crypt:3)
  A fire dragon zombie (Tomb:2)
  An ettin zombie (Crypt:3)
  4 flying skulls (Tomb:1)
  An ettin skeleton (Crypt:1)
  An air elemental (Depths:1)
  2 redbacks (shapeshifter)
  A spriggan (Depths:3)
  2 hogs (D:7)
  7 ushabtiu
  A water elemental (Shoals:1)
  A wyvern (Lair:6)
  8 yaks
  A steam dragon (Lair:6)
  A hungry ghost (D:9)
  12 nagas
  A hell hound (Lair:6)
  10 water moccasins
  3 porcupines
  A sky beast (D:15)
  An ogre (Orc:1)
  5 orc warriors
  A manticore zombie (Crypt:3)
  A crocodile (Lair:1)
  A centaur (shapeshifter) (Vaults:3)
  A bullfrog (Lair:4)
  2 wyvern skeletons
  A scorpion (D:14)
  A wight (D:11)
  A snapping turtle simulacrum (Crypt:2)
  2 crimson imps (D:14)
  5 orc wizards
  3 orc priests (Orc:2)
  A centaur skeleton (D:12)
  A demigod zombie (Crypt:1)
  13 mummies
  A gnoll (D:8)
  2 adders (D:9)
  A river rat (shapeshifter) (Depths:1)
  7 orcs
  A ball python (Snake:2)
  A kobold (shapeshifter) (Vaults:2)
  A frilled lizard (D:7)
  A kobold (D:14)
  A fungus (Lair:5)
  4 plants
382 creatures vanquished.

Vanquished Creatures (others)
  A deep elf master archer (Elf:3)
  A fire giant (Depths:3)
  A draconian knight (Zig:10)
  A satyr (Shoals:3)
  5 naga sharpshooters
  A large abomination (Abyss:3)
  A deep elf mage (Elf:1)
  A manticore (Shoals:3)
  A salamander (Snake:3)
  Joseph (D:7)
  A frost giant skeleton (Crypt:3)
  2 yaktaurs
  An alligator zombie (Tomb:2)
  A merfolk (Shoals:4)
  A raiju (Abyss:5)
  5 flying skulls (Tomb:2)
  3 humans (Shoals:4)
  A harpy simulacrum (Tomb:2)
  An orc warrior (Vaults:5)
  A manticore zombie (Tomb:2)
  A centaur (Shoals:4)
  2 orc wizards
  4 mummies (Tomb:2)
  An orc (Vaults:5)
  2 kobolds
  A bush (Lair:3)
  83 fungi
  78 plants
  12 starspawn tentacles
  37 withered plants (Crypt:3)
252 creatures vanquished.

Grand Total: 3132 creatures vanquished

Notes
Turn   | Place    | Note
-------+----------+-------------------------------------------
     0 | D:1      | nubinia the Spriggan Venom Mage began the quest for the Orb.
     0 | D:1      | Reached XP level 1. HP: 9/9 MP: 5/5
   291 | D:1      | Reached XP level 2. HP: 13/13 MP: 2/6
   836 | D:1      | Reached XP level 3. HP: 16/16 MP: 8/8
   841 | D:1      | Learned a level 3 spell: Mephitic Cloud
  1313 | D:2      | Noticed Natasha
  1353 | D:2      | Killed Natasha
  1446 | D:2      | Reached XP level 4. HP: 21/21 MP: 1/10
  1452 | D:2      | Learned a level 4 spell: Olgreb's Toxic Radiance
  1740 | D:2      | Found an opulent altar of Gozag.
  1943 | D:2      | Found a snail-covered altar of Cheibriados.
  1983 | D:2      | Reached skill level 1 in Short Blades
  2403 | D:3      | Noticed anet's ghost (amateur KoHu)
  2595 | D:3      | Found a shattered altar of Ashenzari.
  2672 | D:3      | Reached skill level 1 in Air Magic
  2672 | D:3      | Reached XP level 5. HP: 24/24 MP: 7/12
  2677 | D:3      | Found a deep blue altar of Sif Muna.
  2681 | D:3      | Became a worshipper of Sif Muna the Loreminder
  2766 | D:3      | Reached skill level 1 in Conjurations
  3298 | D:3      | Reached skill level 5 in Spellcasting
  3298 | D:3      | Reached XP level 6. HP: 28/28 MP: 11/14
  3301 | D:3      | Learned a level 1 spell: Animate Skeleton
  3303 | D:3      | Learned a level 1 spell: Apportation
  3305 | D:3      | Learned a level 1 spell: Confusing Touch
  3968 | D:4      | Reached skill level 1 in Hexes
  4051 | D:4      | Found a glowing drain.
  4126 | Sewer    | Entered a sewer
  4128 | Sewer    | Reached * piety under Sif Muna
  4221 | Sewer    | Reached skill level 1 in Translocations
  4678 | D:4      | Got a glittering jade ring
  4852 | D:4      | Reached XP level 7. HP: 32/32 MP: 12/16
  4896 | D:4      | Reached skill level 5 in Stealth
  5230 | D:5      | Entered Level 5 of the Dungeon
  5332 | D:5      | Found a staircase to the Ecumenical Temple.
  5351 | D:5      | Found Jegruhy's Food Shoppe.
  5473 | D:5      | Reached ** piety under Sif Muna
  5615 | D:5      | Found a shadowy altar of Dithmenos.
  5976 | D:5      | Noticed Menkaure
  5979 | D:5      | Killed Menkaure
  6024 | D:5      | Reached XP level 8. HP: 37/37 MP: 19/19
  6030 | D:5      | Noticed Pikel
  6073 | D:5      | Killed Pikel
  6223 | D:6      | Identified the ring "Doesuala" {*Contam rPois Str+3 Int+7 SInv} (You found it on level 4 of the Dungeon)
  6328 | D:6      | Found a sand-covered staircase.
  6400 | D:6      | Reached *** piety under Sif Muna
  6519 | Ossuary  | Entered an ossuary
  7095 | Ossuary  | Reached skill level 1 in Fighting
  7095 | Ossuary  | Reached skill level 1 in Slings
  7496 | D:6      | Reached skill level 5 in Translocations
  7824 | D:6      | Found a glowing golden altar of the Shining One.
  7928 | D:6      | Found a shimmering altar of Xom.
  8039 | D:7      | Noticed Joseph
  8041 | D:7      | Reached XP level 9. HP: 41/41 MP: 21/21
  8270 | D:7      | Killed Joseph
  8503 | D:7      | Reached skill level 5 in Hexes
  8506 | D:7      | Reached **** piety under Sif Muna
  8540 | D:7      | Got a fine short sword {pierce}
  8541 | D:7      | Identified the +7 short sword "Puxaide" {pierce, Dex+4} (You took it off a centaur on level 7 of the Dungeon)
  8692 | D:7      | Reached skill level 1 in Necromancy
  8697 | D:7      | Learned a level 3 spell: Regeneration
  8822 | D:7      | Reached skill level 5 in Short Blades
  8857 | D:7      | Found a white marble altar of Elyvilon.
  8946 | D:7      | Found a sacrificial altar of Ru.
  9126 | D:8      | Reached skill level 1 in Charms
  9126 | D:8      | Reached XP level 10. HP: 46/46 MP: 23/23
  9208 | D:8      | Got a vibrating platinum ring
  9210 | D:8      | Identified the ring of Ubear {rPois MR+ Str+4 Int+4 Dex+3} (You took it off an orc on level 8 of the Dungeon)
  9248 | D:8      | Found a hazy altar of Hepliaklqana.
  9254 | D:8      | Reached ***** piety under Sif Muna
  9254 | D:8      | Identified Sif Muna's Compendium of the Voyage and Conjuration (Sif Muna gifted it to you on level 8 of the Dungeon)
  9254 | D:8      | Received a gift from Sif Muna
  9259 | D:8      | Learned a level 2 spell: Blink
  9631 | D:8      | Reached skill level 5 in Dodging
  9988 | D:9      | Found a staircase to the Lair.
 10065 | D:9      | Noticed Prince Ribbit
 10067 | D:9      | Killed Prince Ribbit
 10079 | D:9      | Reached skill level 10 in Spellcasting
 10225 | D:9      | Found a burning altar of Makhleb.
 10309 | D:9      | Found an iron altar of Okawaru.
 10389 | D:9      | Reached skill level 5 in Charms
 10643 | D:9      | Identified Sif Muna's Grimoire of Creative Venom (Sif Muna gifted it to you on level 9 of the Dungeon)
 10643 | D:9      | Received a gift from Sif Muna
 10711 | D:9      | Reached XP level 11. HP: 45/50 MP: 26/26
 10735 | D:9      | Found a staircase to the Orcish Mines.
 10937 | Lair:1   | Entered Level 1 of the Lair of Beasts
 11258 | Lair:1   | Learned a level 1 spell: Magic Dart
 11264 | Lair:1   | Learned a level 5 spell: Iskenderun's Battlesphere
 11650 | Lair:1   | Reached skill level 10 in Stealth
 11855 | Lair:1   | Learned a level 3 spell: Dazzling Spray
 11855 | Lair:1   | Upgraded the game from 0.20-a0-151-g755e310 to 0.20-a0-187-ge5586d949a
 12202 | Lair:2   | Found a staircase to the Shoals.
 12218 | Lair:2   | Noticed a death yak
 12225 | Lair:2   | Noticed a death yak
 12429 | Lair:2   | Killed a death yak
 12429 | Lair:2   | Received a gift from Sif Muna
 12585 | Lair:2   | Noticed a four-headed hydra
 12589 | Lair:2   | Killed a death yak
 12589 | Lair:2   | Reached XP level 12. HP: 18/56 MP: 3/29
 13085 | Lair:2   | Noticed a four-headed hydra
 13091 | Lair:2   | Killed a four-headed hydra
 13109 | Lair:2   | Killed a four-headed hydra
 13416 | Lair:3   | Noticed a catoblepas
 13434 | Lair:3   | Killed a catoblepas
 13702 | Lair:3   | Noticed a five-headed hydra
 13717 | Lair:3   | Killed a five-headed hydra
 13717 | Lair:3   | Identified Sif Muna's Collected Works on the Compass (Sif Muna gifted it to you on level 3 of the Lair of Beasts)
 13717 | Lair:3   | Received a gift from Sif Muna
 13741 | Lair:3   | Learned a level 4 spell: Passage of Golubria
 14486 | Lair:4   | Found a staircase to the Snake Pit.
 15042 | Lair:4   | Learned a level 6 spell: Dispersal
 15091 | Lair:4   | Reached skill level 10 in Charms
 15270 | Lair:4   | Reached XP level 13. HP: 59/59 MP: 12/32
 16135 | Lair:5   | Found a runed door.
 16151 | Lair:5   | Received a gift from Sif Muna
 16290 | Lair:6   | Entered Level 6 of the Lair of Beasts
 16733 | Lair:6   | Reached skill level 15 in Spellcasting
 16733 | Lair:6   | Reached skill level 10 in Translocations
 16882 | Lair:6   | Found a viscous altar of Jiyva.
 16894 | Lair:6   | Found a staircase to the Slime Pits.
 17264 | Lair:6   | Noticed murphy's ghost (journeyman MiBe)
 17691 | Lair:6   | Reached ****** piety under Sif Muna
 17964 | Lair:6   | Reached XP level 14. HP: 65/65 MP: 9/34
 18011 | Lair:6   | Received a gift from Sif Muna
 18020 | Lair:6   | Learned a level 4 spell: Cause Fear
 18067 | Lair:6   | Reached skill level 1 in Shields
 18301 | Lair:6   | Reached skill level 5 in Conjurations
 18692 | Lair:6   | Found a large runed door.
 18693 | Lair:6   | Found a large runed door.
 19150 | Orc:1    | Entered Level 1 of the Orcish Mines
 19172 | Orc:1    | Noticed Urug
 19179 | Orc:1    | Killed Urug
 19636 | Orc:2    | Entered Level 2 of the Orcish Mines
 19727 | Orc:1    | Received a gift from Sif Muna
 19732 | Orc:1    | Learned a level 2 spell: Shroud of Golubria
 19972 | Orc:2    | Noticed an orc warlord
 19975 | Orc:2    | Killed an orc warlord
 20712 | Orc:2    | Found a staircase to the Elven Halls.
 20898 | Orc:2    | Noticed an orc warlord
 21235 | Orc:2    | Killed an orc warlord
 21358 | Orc:2    | Found a roughly hewn altar of Beogh.
 21674 | Orc:2    | Found Qymnevan's Food Shop.
 21742 | Orc:2    | Found Zaqodwuq's General Store.
 22097 | Orc:2    | Found a roughly hewn altar of Beogh.
 22203 | Orc:2    | Found Juem's Weapon Emporium.
 22217 | Orc:2    | Found Beahe's Distillery.
 22232 | Orc:2    | Bought a potion of cure mutation for 350 gold pieces
 22232 | Orc:2    | Gained mutation: Your body sometimes deteriorates upon taking damage. [potion of mutation]
 22232 | Orc:2    | Gained mutation: You are somewhat resistant to further mutation. [potion of mutation]
 22232 | Orc:2    | Gained mutation: Potions and wands are less effective at restoring your health. [potion of mutation]
 22233 | Orc:2    | Lost mutation: Your body sometimes deteriorates upon taking damage. [potion of cure mutation]
 22233 | Orc:2    | Lost mutation: Potions and wands are less effective at restoring your health. [potion of cure mutation]
 22234 | Orc:2    | Bought a potion of resistance for 140 gold pieces
 22906 | Snake:1  | Entered Level 1 of the Snake Pit
 23365 | Snake:1  | Reached XP level 15. HP: 37/68 MP: 26/37
 23478 | Snake:1  | Identified Syamn's Guide on Evil Secrets and Conjuration (Sif Muna gifted it to you on level 1 of the Snake Pit)
 23478 | Snake:1  | Received a gift from Sif Muna
 23488 | Snake:1  | Learned a level 4 spell: Animate Dead
 24453 | Snake:2  | Found a runed gate.
 24453 | Snake:2  | Found a runed gate.
 24453 | Snake:2  | Found a runed gate.
 25952 | Snake:3  | Identified Sif Muna's Grimoire of Feathers (Sif Muna gifted it to you on level 3 of the Snake Pit)
 25952 | Snake:3  | Received a gift from Sif Muna
 25957 | Snake:3  | Learned a level 2 spell: Repel Missiles
 27297 | Snake:4  | Entered Level 4 of the Snake Pit
 27303 | Snake:4  | Noticed Aizul
 27315 | Snake:3  | Reached XP level 16. HP: 71/74 MP: 23/39
 27430 | Snake:3  | Killed Aizul
 27768 | Snake:4  | Found an opulent altar of Gozag.
 27871 | Snake:4  | Found Fuotasy's Weapon Boutique.
 27902 | Snake:4  | Noticed Jorgrun
 27911 | Snake:4  | Killed Jorgrun
 28129 | Snake:4  | Noticed Vashnia
 28280 | Snake:3  | Reached skill level 1 in Evocations
 29236 | Snake:4  | Identified Sif Muna's Collected Works on Enthralling Lightness (Sif Muna gifted it to you on level 4 of the Snake Pit)
 29236 | Snake:4  | Received a gift from Sif Muna
 29271 | Snake:4  | Learned a level 6 spell: Deflect Missiles
 30961 | Snake:4  | Got a vibrating tin ring
 30964 | Snake:4  | Identified the ring "Giclim" {*Tele rPois} (You took it off a naga on level 4 of the Snake Pit)
 31038 | Snake:4  | Got a serpentine rune of Zot
 31272 | Shoals:1 | Entered Level 1 of the Shoals
 31359 | Shoals:1 | Noticed Roxanne
 31725 | Shoals:1 | Reached XP level 17. HP: 77/77 MP: 37/42
 32223 | Shoals:2 | Noticed Polyphemus
 32253 | Shoals:2 | Reached skill level 15 in Charms
 32291 | Shoals:2 | Noticed Louise
 32305 | Shoals:2 | Killed Louise
 32437 | Shoals:2 | Received a gift from Sif Muna
 32472 | Shoals:2 | Learned a level 5 spell: Bolt of Draining
 32600 | Shoals:2 | Killed Polyphemus
 33266 | Shoals:2 | Upgraded the game from 0.20-a0-187-ge5586d949a to 0.20-a0-201-g851c6fa
 33509 | Shoals:3 | Found Aro Woas's Armour Shop.
 33509 | Shoals:3 | Noticed Mara
 33510 | Shoals:3 | Noticed nubinia's illusion
 34131 | Shoals:4 | Entered Level 4 of the Shoals
 34432 | Shoals:4 | Reached skill level 15 in Stealth
 34432 | Shoals:4 | Reached skill level 15 in Translocations
 34482 | Shoals:4 | Identified Sif Muna's Papyrus of Companions and Displacement (Sif Muna gifted it to you on level 4 of the Shoals)
 34482 | Shoals:4 | Received a gift from Sif Muna
 34491 | Shoals:4 | Learned a level 4 spell: Force Lance
 34524 | Shoals:4 | Found Foagret's Antique Weapon Shoppe.
 34533 | Shoals:4 | Bought a glowing dagger for 184 gold pieces
 34534 | Shoals:4 | Bought a glowing rapier for 230 gold pieces
 34545 | Shoals:4 | Noticed Ilsuiw
 34566 | Shoals:4 | Killed Ilsuiw
 34928 | Shoals:4 | Reached skill level 1 in Invocations
 35607 | Shoals:4 | Noticed Kirke
 35616 | Shoals:4 | Killed Kirke
 35675 | Shoals:4 | Got a faintly glowing bronze ring
 35677 | Shoals:4 | Identified the ring of the Priest {Fire rN+ Dex+3 Stlth+} (You took it off a merfolk impaler on level 4 of the Shoals)
 35921 | Shoals:4 | Got a barnacled rune of Zot
 36312 | Shoals:4 | Reached XP level 18. HP: 81/81 MP: 13/44
 36794 | Shoals:4 | Identified Sif Muna's Thorough Guide to Spellcraft (Sif Muna gifted it to you on level 4 of the Shoals)
 36794 | Shoals:4 | Received a gift from Sif Muna
 36996 | D:10     | Entered Level 10 of the Dungeon
 37024 | D:10     | Noticed Maurice
 37032 | D:10     | Killed Maurice
 37847 | D:11     | Noticed murphy's ghost (journeyman MiBe)
 37859 | D:11     | Killed murphy's ghost
 38743 | D:12     | Found Lusaoz's Distillery.
 38820 | D:12     | Got a shimmering short sword
 38821 | D:12     | Identified the +7 short sword of Demynninn {drain, +Rage rC+ Int-3 Dex+6} (You found it on level 12 of the Dungeon)
 39439 | D:13     | Found a flagged portal.
 39472 | Bailey   | Entered a bailey
 39521 | Bailey   | Found an iron altar of Okawaru.
 40355 | D:13     | Gained mutation: You are surrounded by a mild repulsion field. (EV +2) [potion of mutation]
 40379 | D:14     | Noticed Josephine
 40469 | D:13     | Killed Josephine
 41064 | D:14     | Found a gate to the Vaults.
 41207 | D:14     | Found Doxeynuk's Food Shoppe.
 41303 | D:14     | Found a portal to a secret trove of treasure.
 41423 | Vaults:1 | Entered Level 1 of the Vaults
 41527 | Vaults:1 | Identified Didusiy's Reference Book on Venom and Evil (Sif Muna gifted it to you on level 1 of the Vaults)
 41527 | Vaults:1 | Received a gift from Sif Muna
 41769 | Vaults:1 | Reached skill level 10 in Short Blades
 42370 | Vaults:1 | Noticed a lich
 42752 | Vaults:1 | Killed a lich
 42877 | Vaults:1 | Found a radiant altar of Vehumet.
 42904 | Vaults:1 | Got a brightly glowing hat
 42910 | Vaults:1 | Identified the cursed +0 hat of Hospitality {rElec rC- Dex+3 SInv Stlth+} (You found it on level 1 of the Vaults)
 42936 | Vaults:1 | Got a scorched hat
 42947 | Vaults:1 | Identified the +0 hat of True Grit {Slay+3} (You found it on level 1 of the Vaults)
 43275 | Elf:1    | Entered Level 1 of the Elven Halls
 43807 | Elf:1    | Upgraded the game from 0.20-a0-201-g851c6fa to 0.20-a0-208-g55166f7
 43960 | Elf:1    | Reached skill level 5 in Air Magic
 43997 | Elf:1    | Reached XP level 19. HP: 86/86 MP: 32/46
 45042 | Elf:2    | Identified Sif Muna's Almanac of Aid (Sif Muna gifted it to you on level 2 of the Elven Halls)
 45042 | Elf:2    | Received a gift from Sif Muna
 45053 | Elf:2    | Found a runed gate.
 45053 | Elf:2    | Found a runed gate.
 45053 | Elf:2    | Found a runed gate.
 45704 | Elf:3    | Entered Level 3 of the Elven Halls
 45915 | Elf:3    | Found Eqaar's Book Shoppe.
 45974 | Elf:3    | Reached skill level 5 in Shields
 47407 | Elf:3    | Got a warped copper ring
 47409 | Elf:3    | Identified the ring "Nuvvea" {+Blink rElec rN+ Str+3 Stlth+} (You took it off a deep elf sorcerer on level 3 of the Elven Halls)
 48312 | Elf:3    | Identified Sif Muna's Almanac of Arcane Weapons and Transmutation (Sif Muna gifted it to you on level 3 of the Elven Halls)
 48312 | Elf:3    | Received a gift from Sif Muna
 48357 | Elf:3    | Learned a level 4 spell: Iskenderun's Mystic Blast
 48729 | Elf:3    | Identified the +10 scimitar of the Disturbing Lives {slice, +Blink Int+2} (You took it off a deep elf demonologist on level 3 of the Elven Halls)
 48735 | Elf:3    | Identified the +7 morningstar of the Bruised Stars {pain, rN+ Str+3} (You took it off a deep elf knight on level 3 of the Elven Halls)
 48951 | Elf:3    | Reached XP level 20. HP: 91/91 MP: 29/49
 49010 | Elf:3    | Identified the Almanac of Transmigration and Protection
 49531 | Lair:2   | Learned a level 8 spell: Controlled Blink
 49836 | Vaults:1 | Noticed KristoblXynda's ghost (adept SpBe)
 49855 | Vaults:1 | Killed KristoblXynda's ghost
 49924 | Vaults:1 | Reached skill level 10 in Dodging
 51522 | Vaults:2 | Identified Sif Muna's Volume of Slavery and Self-Knowledge (Sif Muna gifted it to you on level 2 of the Vaults)
 51522 | Vaults:2 | Received a gift from Sif Muna
 52080 | Vaults:2 | Found a staircase to the Crypt.
 52306 | Vaults:2 | Upgraded the game from 0.20-a0-208-g55166f7 to 0.20-a0-210-gd6c29eb
 54167 | Vaults:4 | Identified Sif Muna's Volume of Cold and Battle Magic (Sif Muna gifted it to you on level 4 of the Vaults)
 54167 | Vaults:4 | Received a gift from Sif Muna
 54211 | Vaults:4 | Reached XP level 21. HP: 76/95 MP: 34/51
 55632 | D:15     | Entered Level 15 of the Dungeon
 55933 | D:15     | Found a staircase to the Depths.
 55997 | D:15     | Found a bloodstained altar of Trog.
 56315 | Depths:1 | Entered Level 1 of the Depths
 56494 | Depths:1 | Noticed Margery
 56561 | Depths:1 | Reached skill level 5 in Fighting
 56803 | Depths:1 | Identified Onnabonn's Grimoire of Boosting Calling (Sif Muna gifted it to you on level 1 of the Depths)
 56803 | Depths:1 | Received a gift from Sif Muna
 56813 | Depths:1 | Learned a level 3 spell: Ozocubu's Armour
 56897 | Depths:1 | Found a gateway to a ziggurat.
 56954 | Depths:1 | Killed Margery
 56994 | Depths:1 | Reached skill level 1 in Ice Magic
 57006 | Depths:1 | Found a gateway to Hell.
 57407 | Depths:1 | Found a deep blue altar of Sif Muna.
 57540 | Depths:1 | Got a vibrating diamond amulet
 57544 | Depths:1 | Identified the amulet "Loseshuk" {RegenMP MR+ Stlth+} (You took it off a vampire mage on level 1 of the Depths)
 57851 | Depths:1 | Found a one-way gate leading to the halls of Pandemonium.
 57855 | Depths:1 | Found a one-way gate to the infinite horrors of the Abyss.
 58185 | Depths:2 | Noticed murphy's ghost (journeyman TrWn)
 58199 | Depths:2 | Killed murphy's ghost
 58531 | Depths:2 | Noticed murphy's ghost (journeyman TrWn)
 58555 | Depths:2 | Killed murphy's ghost
 58626 | Depths:2 | Reached XP level 22. HP: 61/100 MP: 13/53
 58735 | Depths:2 | Noticed a golden dragon
 58741 | Depths:2 | Killed a golden dragon
 58839 | Depths:2 | Identified Sif Muna's Reference Book on Companions (Sif Muna gifted it to you on level 2 of the Depths)
 58839 | Depths:2 | Received a gift from Sif Muna
 58974 | Depths:2 | Reached skill level 10 in Conjurations
 60194 | D:14     | You paid a toll of +3 ice dragon scales to enter a treasure trove
 60195 | Trove    | Entered a treasure trove
 60206 | Trove    | Got a smoking glass ring
 60207 | Trove    | Identified the Grimoire of Helpful Poisoning
 60217 | Trove    | Got a coiled iron amulet
 60221 | Trove    | Got a flickering steel amulet
 60235 | Trove    | Identified the amulet "Hahummofu" {RegenMP rN++ Str-3} (You found it in a treasure trove)
 60236 | Trove    | Identified the amulet of Jefafafu {RegenMP rPois rC- MR+ SInv} (You found it in a treasure trove)
 60238 | Trove    | Identified the ring "Voike" {+Blink rElec Str+2 Dex+4} (You found it in a treasure trove)
 61413 | Depths:3 | Identified Sif Muna's Thorough Guide to Magic (Sif Muna gifted it to you on level 3 of the Depths)
 61413 | Depths:3 | Received a gift from Sif Muna
 61718 | Depths:3 | Noticed a golden dragon
 61723 | Depths:3 | Killed a golden dragon
 61729 | Depths:3 | Reached skill level 27 in Spellcasting
 61771 | Depths:3 | Noticed a juggernaut
 62208 | Depths:3 | Killed a juggernaut
 62236 | Depths:3 | Noticed a caustic shrike
 62275 | Depths:3 | Killed a caustic shrike
 62275 | Depths:3 | Reached skill level 5 in Ice Magic
 62643 | Depths:3 | Reached XP level 23. HP: 96/105 MP: 22/55
 63334 | Depths:3 | Received a gift from Sif Muna
 63346 | Depths:3 | Learned a level 6 spell: Darkness
 63514 | Depths:3 | Lost mutation: You are surrounded by a mild repulsion field. (EV +2) [potion of cure mutation]
 63514 | Depths:3 | Lost mutation: You are somewhat resistant to further mutation. [potion of cure mutation]
 63515 | Depths:3 | Gained mutation: You have an increased reservoir of magic. (+10% MP) [potion of mutation]
 63515 | Depths:3 | Lost mutation: You have an increased reservoir of magic. (+10% MP) [potion of mutation]
 63516 | Depths:3 | Gained mutation: You are dopey. (Int -2) [potion of mutation]
 63516 | Depths:3 | Gained mutation: You are resistant to electric shocks. (rElec) [potion of mutation]
 63516 | Depths:3 | Gained mutation: You are clumsy. (Dex -2) [potion of mutation]
 63517 | Depths:3 | Lost mutation: You are clumsy. (Dex -2) [potion of cure mutation]
 63517 | Depths:3 | Lost mutation: You are dopey. (Int -2) [potion of cure mutation]
 63656 | Depths:3 | Gained mutation: You evolve. [potion of mutation]
 63656 | Depths:3 | Gained mutation: You have large cloven feet. [potion of mutation]
 63656 | Depths:3 | Lost mutation: You evolve. [potion of mutation]
 63772 | D:13     | Gained mutation: Your movements are slightly less encumbered by armour. (ER -2) [potion of beneficial mutation]
 63773 | D:13     | Gained mutation: Your system is resistant to poisons. (rPois) [potion of beneficial mutation]
 63884 | Crypt:1  | Entered Level 1 of the Crypt
 65144 | Vaults:2 | Upgraded the game from 0.20-a0-210-gd6c29eb to 0.20-a0-214-gb74cb0e
 66079 | Lair:1   | Learned a level 4 spell: Control Undead
 66267 | Crypt:1  | HP: 3/105 [jiangshi[a curse skull] (5)]
 66807 | Lair:2   | Learned a level 5 spell: Dispel Undead
 67043 | Crypt:1  | Identified Sif Muna's Guide on Frigorific Sinister Arts (Sif Muna gifted it to you on level 1 of the Crypt)
 67043 | Crypt:1  | Received a gift from Sif Muna
 68392 | Crypt:3  | Entered Level 3 of the Crypt
 68739 | Crypt:3  | Noticed an ancient lich
 68746 | Crypt:3  | Killed an ancient lich
 68827 | Crypt:3  | Got a steaming platinum ring
 68828 | Crypt:3  | Identified the ring of Circularity {*Tele Str+3 Dex+7} (You found it on level 3 of the Crypt)
 68831 | Crypt:3  | Got a scintillating bone ring
 68832 | Crypt:3  | Identified the cursed ring of Moral Flaws {MP+9 Str+3 Slay-5} (You found it on level 3 of the Crypt)
 68835 | Crypt:3  | Identified the Collected Works on Evil Boosts
 69316 | Crypt:3  | Found an ancient bone altar of Kikubaaqudgha.
 69918 | Crypt:3  | Got a heavily runed platinum ring
 69918 | Crypt:3  | Got a shimmering brass ring
 69919 | Crypt:3  | Identified the ring of the Fool {rElec rPois rN+} (You found it on level 3 of the Crypt)
 69921 | Crypt:3  | Identified the ring "Nuas" {+Blink rN+ Int+2 Dex+3} (You found it on level 3 of the Crypt)
 69922 | Crypt:3  | Identified the ring "Yzeoh" {rN+ Dex+3} (You found it on level 3 of the Crypt)
 70219 | Crypt:3  | Found a staircase to the Tomb.
 70265 | Crypt:3  | Received a gift from Sif Muna
 70479 | Crypt:3  | Reached XP level 24. HP: 110/110 MP: 41/55
 70920 | Crypt:3  | Identified a +4 rod of inaccuracy (11/11) (You found it on level 3 of the Crypt)
 71116 | Crypt:3  | Got a sparkling brass amulet
 71117 | Crypt:3  | Identified the amulet of Thoughtfulness {Harm *Drain rC+ MR+ Stlth+} (You found it on level 3 of the Crypt)
 71625 | Vaults:5 | Entered Level 5 of the Vaults
 72018 | Vaults:5 | Noticed Xtahua
 72146 | Vaults:5 | Noticed an ancient lich
 72440 | Vaults:5 | Noticed Saint Roka
 72911 | Vaults:5 | Got a silver rune of Zot
 73664 | Vaults:5 | Identified Ytinof's Volume of Execration and the Escort (Sif Muna gifted it to you on level 5 of the Vaults)
 73664 | Vaults:5 | Received a gift from Sif Muna
 73786 | Vaults:5 | Killed an ancient lich
 74360 | Vaults:4 | Got a bound copper ring
 74361 | Vaults:4 | Identified the ring of Satyriasis {MR+ AC+3 Dex+7} (You took it off an orc on level 4 of the Vaults)
 75449 | Vaults:4 | Reached XP level 25. HP: 106/116 MP: 32/55
 75568 | Vaults:5 | Reached skill level 15 in Dodging
 75577 | Vaults:4 | Reached XP level 26. HP: 77/120 MP: 40/55
 75798 | Vaults:5 | Killed Xtahua
 76050 | Vaults:5 | Identified the +6 rapier of Quick Death {venom, rElec} (You took it off a yaktaur captain on level 5 of the Vaults)
 76051 | Vaults:5 | Identified the ring "Jihuppest" {rPois rC- rN+++ Int-3 Dex+5} (You took it off a yaktaur captain on level 5 of the Vaults)
 76088 | Vaults:5 | Identified Mazxyer's Reference Book on Shape Shifting and Ice
 76506 | Vaults:5 | Received a gift from Sif Muna
 76932 | Lair:2   | Learned a level 5 spell: Dispel Undead
 77287 | Tomb:1   | Entered Level 1 of the Tomb of the Ancients
 78346 | Tomb:1   | Noticed a greater mummy
 78422 | Tomb:1   | HP: 3/118 [greater mummy/divine providence (12)]
 78423 | Tomb:1   | Killed a greater mummy
 79315 | Tomb:1   | Upgraded the game from 0.20-a0-214-gb74cb0e to 0.20-a0-217-g17e8ceb
 79494 | Tomb:1   | Noticed a greater mummy
 79505 | Tomb:1   | Killed a greater mummy
 79646 | Tomb:1   | Noticed a greater mummy
 79655 | Tomb:1   | Killed a greater mummy
 80164 | Tomb:2   | Noticed a greater mummy
 80164 | Tomb:2   | Noticed a greater mummy
 80164 | Tomb:2   | Noticed an ancient lich
 80255 | Tomb:1   | Learned a level 3 spell: Lesser Beckoning
 80380 | Tomb:2   | Noticed a greater mummy
 80401 | Tomb:1   | Killed an ancient lich
 80772 | Tomb:1   | Killed a greater mummy
 80772 | Tomb:1   | Identified Sif Muna's Reference Book on Conjuration (Sif Muna gifted it to you on level 1 of the Tomb of the Ancients)
 80772 | Tomb:1   | Received a gift from Sif Muna
 80897 | Tomb:1   | Killed a greater mummy
 81304 | Tomb:1   | Killed a greater mummy
 81511 | Tomb:2   | Noticed Iwannabefree's ghost (legendary NaIE)
 81676 | Tomb:2   | Killed Iwannabefree's ghost
 81878 | Tomb:2   | Identified the ring of Mistrust {rElec rF+ MR+} (You found it on level 2 of the Tomb of the Ancients)
 82278 | Tomb:1   | Noticed a greater mummy
 82280 | Tomb:1   | Noticed a greater mummy
 82283 | Tomb:1   | Noticed a greater mummy
 82286 | Tomb:2   | Killed a greater mummy
 82399 | Tomb:1   | Noticed a greater mummy
 82399 | Tomb:1   | Noticed a greater mummy
 82399 | Tomb:1   | Noticed a greater mummy
 82405 | Tomb:2   | Killed a greater mummy
 82617 | Tomb:2   | Killed a greater mummy
 82706 | Tomb:1   | Noticed a greater mummy
 82713 | Tomb:1   | Noticed a greater mummy
 82772 | Tomb:1   | Noticed a greater mummy
 82779 | Tomb:2   | Killed a greater mummy
 83129 | Tomb:2   | Killed a greater mummy
 83129 | Tomb:2   | Reached XP level 27. HP: 49/125 MP: 18/55
 83253 | Tomb:2   | Killed a greater mummy
 83340 | Tomb:2   | Killed a greater mummy
 83510 | Tomb:2   | Killed a greater mummy
 83734 | Tomb:2   | Killed a greater mummy
 83982 | Tomb:1   | Noticed a greater mummy
 83991 | Tomb:1   | Noticed a greater mummy
 83995 | Tomb:1   | Killed a greater mummy
 84222 | Tomb:1   | Killed a greater mummy
 84428 | Tomb:1   | Noticed a greater mummy
 84435 | Tomb:1   | Noticed a greater mummy
 84437 | Tomb:1   | Noticed a greater mummy
 84437 | Tomb:1   | Noticed a greater mummy
 84606 | Tomb:1   | Noticed a greater mummy
 84836 | Tomb:1   | Killed a greater mummy
 84939 | Tomb:1   | Killed a greater mummy
 84939 | Tomb:1   | Identified Sif Muna's Compendium of Hurtful Execration (Sif Muna gifted it to you on level 1 of the Tomb of the Ancients)
 84939 | Tomb:1   | Received a gift from Sif Muna
 85340 | Tomb:2   | Killed a greater mummy
 85766 | Tomb:1   | Killed a greater mummy
 86100 | Tomb:1   | Noticed a greater mummy
 86110 | Tomb:1   | Killed a greater mummy
 86284 | Tomb:1   | Killed a greater mummy
 86443 | Tomb:1   | Noticed a greater mummy
 86458 | Tomb:1   | Noticed a greater mummy
 86459 | Tomb:1   | Noticed a greater mummy
 86496 | Tomb:1   | Killed a greater mummy
 86696 | Tomb:1   | Killed a greater mummy
 86838 | Tomb:1   | Noticed a greater mummy
 86841 | Tomb:1   | Noticed a greater mummy
 87058 | Tomb:1   | Killed a greater mummy
 87124 | Tomb:1   | Killed a greater mummy
 87363 | Tomb:1   | Killed a greater mummy
 88234 | Tomb:3   | Entered Level 3 of the Tomb of the Ancients
 88458 | Tomb:3   | Noticed a greater mummy
 88475 | Tomb:2   | Upgraded the game from 0.20-a0-217-g17e8ceb to 0.20-a0-222-gb69ddcd
 88926 | Tomb:3   | Noticed a greater mummy
 89379 | Tomb:2   | Killed a greater mummy
 89804 | Tomb:2   | Killed a greater mummy
 90058 | Tomb:2   | Identified Sif Muna's Arcane Secrets of Witchery (Sif Muna gifted it to you on level 2 of the Tomb of the Ancients)
 90058 | Tomb:2   | Received a gift from Sif Muna
 90429 | Tomb:3   | Noticed a greater mummy
 90552 | Tomb:3   | Killed a greater mummy
 90552 | Tomb:3   | Reached skill level 10 in Shields
 90993 | Tomb:3   | Identified Sif Muna's Compendium of the Arsonist and Necromancy
 91085 | Tomb:3   | Noticed a greater mummy
 91086 | Tomb:3   | Noticed a greater mummy
 91104 | Tomb:3   | Killed a greater mummy
 91360 | Tomb:3   | Killed a greater mummy
 91560 | Tomb:3   | Noticed a greater mummy
 91766 | Tomb:3   | Killed a greater mummy
 91984 | Tomb:3   | Noticed a greater mummy
 92154 | Tomb:3   | Killed a greater mummy
 92226 | Tomb:3   | Noticed a greater mummy
 92234 | Tomb:3   | Killed a greater mummy
 92243 | Tomb:3   | Noticed a greater mummy
 92620 | Tomb:3   | Killed a greater mummy
 92885 | Tomb:3   | Got a fine brass ring
 92886 | Tomb:3   | Identified the ring "Wanamp" {rF- rN+ MR+++ Dex+4 SInv} (You found it on level 3 of the Tomb of the Ancients)
 92894 | Tomb:3   | Identified the +9 rapier of Departure {speed, +Rage} (You found it on level 3 of the Tomb of the Ancients)
 92944 | Tomb:3   | Got a wavering bronze ring
 92945 | Tomb:3   | Identified the ring "Posologa" {Dex+4 Stlth+} (You found it on level 3 of the Tomb of the Ancients)
 92974 | Tomb:3   | Identified the Compendium of Earthen Flight
 92992 | Tomb:3   | Got a glittering platinum ring
 92993 | Tomb:3   | Identified the ring of Edodyv {rElec rPois rC+ Str+3} (You found it on level 3 of the Tomb of the Ancients)
 93313 | Tomb:1   | Reached skill level 27 in Translocations
 93469 | Zig:1    | Entered Level 1 of a ziggurat
 93485 | Zig:2    | Entered Level 2 of a ziggurat
 93522 | Zig:2    | Upgraded the game from 0.20-a0-222-gb69ddcd to 0.20-a0-251-g16a58bf
 93670 | Zig:3    | Entered Level 3 of a ziggurat
 93726 | Zig:3    | Received a gift from Sif Muna
 93822 | Zig:4    | Entered Level 4 of a ziggurat
 93876 | Zig:4    | Got an ancient iron amulet
 93877 | Zig:4    | Identified the amulet of Noon {Gourm *Contam rElec rN+++ Int-4} (You found it on level 4 of a ziggurat)
 93975 | Zig:5    | Entered Level 5 of a ziggurat
 94007 | Zig:5    | Reached skill level 15 in Conjurations
 94040 | Zig:5    | Identified the Compendium of Helpful Beguiling
 94045 | Zig:5    | Identified a +8 rod of clouds (12/12) (You found it on level 5 of a ziggurat)
 94047 | Zig:5    | Identified the +11 rapier of Uskayaw's Delight {holy, rF++} (You found it on level 5 of a ziggurat)
 94115 | Zig:6    | Entered Level 6 of a ziggurat
 94129 | Zig:6    | Noticed a greater mummy
 94151 | Zig:6    | Killed a greater mummy
 94188 | Zig:6    | Identified Sif Muna's Compendium of Ignition
 94295 | Zig:7    | Entered Level 7 of a ziggurat
 94310 | Zig:7    | Got a flickering platinum amulet
 94314 | Zig:8    | Entered Level 8 of a ziggurat
 94315 | Zig:8    | Identified the amulet "Dapurar" {Regen+ Str+5} (You found it on level 7 of a ziggurat)
 94716 | Zig:9    | Entered Level 9 of a ziggurat
 94984 | Zig:10   | Entered Level 10 of a ziggurat
 95045 | Zig:10   | Identified the ring of Nistreso {rPois Str+6} (You found it on level 10 of a ziggurat)
 95050 | Zig:10   | Identified the ring "Lubbikhe" {+Blink rElec rC+} (You found it on level 10 of a ziggurat)
 95266 | Zig:11   | Entered Level 11 of a ziggurat
 95296 | Zig:12   | Entered Level 12 of a ziggurat
 95358 | Zig:12   | Received a gift from Sif Muna
 95369 | Zig:12   | Learned a level 5 spell: Lee's Rapid Deconstruction
 95419 | Zig:12   | Noticed a greater mummy
 95422 | Zig:12   | Noticed a greater mummy
 95866 | Crypt:1  | Reached skill level 5 in Earth Magic
 96123 | Temple   | Entered the Ecumenical Temple
 96153 | Temple   | Fell from the grace of Sif Muna
 96153 | Temple   | Became a worshipper of Zin the Law-Giver
 96153 | Temple   | Reached * piety under Zin
 96153 | Temple   | Reached ** piety under Zin
 96154 | Temple   | Donated 4708 gold pieces to Zin
 96187 | D:6      | Reached *** piety under Zin
 96321 | D:15     | Reached **** piety under Zin
 96397 | Depths:1 | Voluntarily entered the Abyss.
 96397 | Abyss:1  | Found a corrupted altar of Lugonu.
 96424 | Abyss:1  | Reached ***** piety under Zin
 96646 | Abyss:2  | Learned a level 2 spell: Passwall
 96676 | Abyss:2  | Found a radiant altar of Vehumet.
 96750 | Abyss:3  | Reached ****** piety under Zin
 96935 | Abyss:5  | Entered Level 5 of the Abyss
 97283 | Abyss:5  | Paralysed by accursed screaming for 2 turns
 97297 | Abyss:5  | Paralysed by accursed screaming for 2 turns
 97507 | Depths:1 | Escaped the Abyss
 97744 | Lair:6   | Killed murphy's ghost
 97838 | Slime:1  | Entered Level 1 of the Pits of Slime
 98202 | Slime:1  | HP: 5/126 [azure jelly (37)]
 98202 | Slime:1  | Annihilated by an azure jelly

Vault maps used:
D:1:      dpeg_cavernosity, minmay_misc_feat_tiny
D:2:      cheibriados_altar_1, nicolae_gozag_seed_capital, minivault_25,
          minmay_misc_feat_nine_boxes, uniq_natasha
D:3:      led_sif_book, evilmike_ruin_ashenzari
D:4:      portal_sewer_entry_f, first_bread, supply_closet_lemuel
D:5:      grunt_dithmenos_smoke, serial_shops, nicolae_shop_stone, uniq_pikel,
          uniq_menkaure
D:6:      tgw_xom, nicolae_tso_carved_into_rock, enter_ossuary_3
D:7:      elyvilon_altar_5, kennysheep_little_box, grunt_livestock,
          minmay_lizard_king, uniq_joseph
D:8:      lemuel_round_altar
D:9:      okawaru_altar_gauntlet_db, minmay_lair_entry_grove, hiddenorc1_lemuel,
          basic_altar, uniq_prince_ribbit1
D:10:     uniq_maurice
D:12:     serial_shops, nicolae_shop_stone, minivault_16, evilmike_minifort
D:13:     enter_bailey_2
D:14:     hangedman_vaults_entry_quadrant_bands, enter_trove_3,
          grunt_decor_mini_mirrors, serial_shops, shop, library_closet,
          spider_trap, uniq_josephine
D:15:     hangedman_depths_entry_try_elsewhere_first, minmay_misc_feat_hallway,
          hangedman_decor_growths, trog_ov_bears_minmay
Temple:   eino_temple_lava
Lair:1:   cheibrodos_lair_reptile_den
Lair:2:   shoals_dummy_entry
Lair:3:   grunt_megastairs_3, lemuel_fruit_tree, infiniplex_staircase_pool_2
Lair:4:   guppyfry_snake_entry_island
Lair:5:   pf_torpor_hydra
Lair:6:   cheibrodos_lair_end_hotspot, slime_altar_1
Shoals:1: uniq_roxanne
Shoals:2: st_cyclops, uniq_polyphemus, uniq_louise
Shoals:3: serial_shops, shop_fountains, uniq_mara
Shoals:4: shoals_end_simple, shoals_ilsuiw_alternative, serial_shops, shop,
          nicolae_shoals_square_sea_wall, uniq_kirke
Snake:2:  grunt_ministairs_3, nicolae_snake_horde_hoard
Snake:3:  nicolae_sea_snake_s, basic_stair_grate_trap
Snake:4:  snake_pit, special_room, serial_shops, shop_fountains, basic_altar,
          st_stairs_8, uniq_jorgrun, uniq_aizul, uniq_vashnia
Orc:1:    uniq_urug
Orc:2:    pubby_orc_utopia, serial_shops
Elf:1:    elf_arrival_002, serial_sigils, serial_sigils_hangedman_gnaw,
          serial_sigils_hangedman_etch, serial_sigils_hangedman_shear,
          serial_sigils_hangedman_gut, spider_trap, lemuel_flamethrower_1
Elf:2:    grunt_ministairs_5, amethyst_killhole
Elf:3:    minmay_elf_hall_furrowed, serial_shops, shop
Vaults:1: grunt_vaults_hallway_long, grunt_vaults_focal,
          hangedman_vaults_impose, hangedman_vaults_stretched_pinwheel,
          v_misc_1, v_misc_18, grunt_tower_of_power, v_misc_17, v_pattern_1,
          v_rooms_1, ontoclasm_vaults_idyll, v_misc_33, v_misc_10
Vaults:2: nicolae_vaults_network_star, nicolae_vaults_triangles,
          minmay_crypt_entry_simple_corners, hangedman_vaults_stagger,
          st_diamondy, grunt_vaults_hallway_short,
          nicolae_vaults_little_squares_3, ontoclasm_vaults_gateway
Vaults:3: nicolae_vaults_disjoint_gnomons, st_cells, ontoclasm_vaults_bender,
          hangedman_vaults_maws, nicolae_vaults_ring_of_whatevers,
          nicolae_vaults_diagonal_hallway_8, nicolae_vaults_alarming,
          vaults_room_grid, nicolae_vaults_three_branches, ontoclasm_vaults_eye
Vaults:4: vaults_room_fancy_cross, v_alt_pattern_1, v_misc_31, vaults_room_grid,
          v_misc_3, ontoclasm_vaults_ring_square, vaults_mumra_bighexcomb,
          vaults_room_corners, vaults_room_corners, hangedman_vaults_restitches,
          ontoclasm_vaults_pinch, hangedman_vaults_impose
Vaults:5: uniq_xtahua, uniq_saint_roka
Crypt:1:  minmay_misc_feat_columns, grunt_ministairs_15
Crypt:3:  evilmike_haunted_forest
Depths:1: enter_ziggurat_a, nicolae_abyss_entry_one_way_or_another,
          hangedman_abyss_or_decor_stagger, pan_entry, grunt_metal_band,
          hangedman_summoners_spam, serial_bayou_shore_b
Depths:2: mu_elephants_graveyard, hangedman_geh_valley
Depths:3: hangedman_box_tower, hell_entry, kennysheep_pointless_box,
          grunt_pan_entry_spiral, serial_bayou_shore_b
Abyss:2:  evilmike_abyss_exit_13
Abyss:4:  evilmike_abyss_rune_elephants_shrine
Abyss:5:  evilmike_abyss_rune_ettins, evilmike_abyss_exit_9,
          hangedman_shadowy_showcase
Zig:10:   ziggurat_pillar_centre_smoke
Zig:11:   ziggurat_pillar_centre_dead_trees
Trove:    trove_simple
Sewer:    sewer_fruit_machine
Ossuary:  ossuary_minmay_tomb_2a
Bailey:   bailey_axe_3, bailey

Skill      XL: |  1  2  3  4  5  6  7  8  9 10 11 12 13 14 15 16 17 18 19 20 21 22 23 24 25 26 27 |
---------------+----------------------------------------------------------------------------------+-----
Spellcasting   | 3 4 5 6 7 8 10 12 14 15 17 18 20 21 22 24 25 26 27 | 27.0
Stealth        | 4 5 6 8 9 10 12 13 14 15 16 17 18 19 20 21 | 21.8
Short Blades   | 1 2 3 5 6 7 8 9 10 11 12 13 | 13.3
Air Magic      | 1 2 3 4 5 6 |  6.6
Conjurations   | 1 2 3 4 5 6 7 8 9 10 11 12 13 15 | 15.2
Hexes          | 2 3 4 5 6 7 8 |  8.0
Translocations | 1 3 5 6 8 9 10 12 13 14 15 16 17 19 20 22 23 25 27 | 27.0
Fighting       | 1 2 3 4 5 6 7 |  7.3
Slings         | 2 3 4 |  4.0
Dodging        | 4 5 6 7 8 9 10 11 13 14 15 16 18 | 18.6
Necromancy     | 1 2 3 4 |  4.5
Charms         | 1 5 7 10 11 12 13 14 15 16 17 18 19 21 | 21.0
Shields        | 1 2 3 4 5 6 7 8 9 10 | 10.7
Evocations     | 1 2 3 4 |  4.2
Invocations    | 1 3 |  3.0
Ice Magic      | 2 5 6 7 |  7.1
Earth Magic    | 6 |  6.0
Poison Magic   | |  4.7

Action                   |  1- 3 |  4- 6 |  7- 9 | 10-12 | 13-15 | 16-18 | 19-21 | 22-24 | 25-27 || total
-------------------------+-------+-------+-------+-------+-------+-------+-------+-------+-------++-------
Melee: Short sword       |    13 |       |    46 |   378 |   644 |  1035 |  1347 |  1196 |   841 ||  5500
       Dagger            |    20 |    74 |   423 |       |       |    95 |       |    45 |       ||   657
       Kick              |       |       |       |       |       |       |       |   386 |   441 ||   827
 Fire: Hunting sling     |     1 |       |    70 |    12 |       |       |       |       |       ||    83
 Cast: Sting             |    53 |   156 |    74 |    20 |       |     1 |       |       |       ||   304
       Animate Skeleton  |       |     6 |    12 |    83 |   179 |     4 |       |       |       ||   284
       Olgreb's Toxic Ra |       |     4 |     6 |    14 |    35 |    27 |    29 |     7 |       ||   122
       Mephitic Cloud    |       |     2 |    22 |    54 |   114 |    75 |    84 |    50 |    17 ||   418
       Regeneration      |       |       |       |     8 |    11 |    11 |    12 |    26 |    51 ||   119
       Magic Dart        |       |       |       |    68 |   250 |   477 |   204 |   252 |   285 ||  1536
       Iskenderun's Batt |       |       |       |    30 |   102 |   160 |   103 |   165 |   148 ||   708
       Dazzling Spray    |       |       |       |    25 |   127 |   127 |     3 |       |       ||   282
       Shroud of Golubri |       |       |       |       |     3 |    18 |    17 |    28 |    50 ||   116
       Animate Dead      |       |       |       |       |    19 |   146 |   116 |    81 |    44 ||   406
       Repel Missiles    |       |       |       |       |     1 |     2 |       |       |       ||     3
       Deflect Missiles  |       |       |       |       |       |     8 |     5 |     8 |     5 ||    26
       Apportation       |       |       |       |       |       |     4 |       |       |     2 ||     6
       Bolt of Draining  |       |       |       |       |       |    86 |   124 |   183 |    31 ||   424
       Force Lance       |       |       |       |       |       |    41 |    58 |   196 |   146 ||   441
       Passage of Golubr |       |       |       |       |       |     4 |       |       |       ||     4
       Dispersal         |       |       |       |       |       |     1 |     2 |    10 |    18 ||    31
       Iskenderun's Myst |       |       |       |       |       |       |    96 |   190 |   211 ||   497
       Ozocubu's Armour  |       |       |       |       |       |       |     7 |    29 |    52 ||    88
       Controlled Blink  |       |       |       |       |       |       |     1 |     2 |     6 ||     9
       Blink             |       |       |       |       |       |       |     1 |     5 |     1 ||     7
       Dispel Undead     |       |       |       |       |       |       |       |   108 |   361 ||   469
       Control Undead    |       |       |       |       |       |       |       |    23 |    54 ||    77
       Lesser Beckoning  |       |       |       |       |       |       |       |       |     5 ||     5
       Passwall          |       |       |       |       |       |       |       |       |     2 ||     2
       Cause Fear        |       |       |       |       |       |       |       |       |     1 ||     1
Invok: Divine Energy     |       |     1 |       |       |       |       |       |       |       ||     1
       Channel Magic     |       |       |       |       |     2 |     2 |       |     2 |     3 ||     9
       Forget Spell      |       |       |       |       |       |     2 |       |       |     6 ||     8
       Recite            |       |       |       |       |       |       |       |       |     4 ||     4
       Donate Gold       |       |       |       |       |       |       |       |       |     1 ||     1
Evoke: Wand              |       |       |       |     4 |     9 |    25 |    35 |    17 |     4 ||    94
       Lamp of fire      |       |       |       |       |       |     1 |     1 |     1 |     2 ||     5
       Phial of floods   |       |       |       |       |       |       |     2 |       |     2 ||     4
       Box of beasts     |       |       |       |       |       |       |     1 |     3 |       ||     4
       Disc of storms    |       |       |       |       |       |       |       |     3 |       ||     3
       Figurine of a zig |       |       |       |       |       |       |       |       |     1 ||     1
  Use: Scroll            |       |     9 |    12 |    12 |     6 |    18 |    16 |    23 |    26 ||   122
       Potion            |       |     1 |     3 |       |     4 |     6 |     1 |    12 |    24 ||    51
 Stab: Sleeping          |     8 |    13 |    19 |    24 |    48 |    64 |    45 |    25 |    18 ||   264
       Confused          |       |     2 |    10 |    39 |    46 |    45 |    78 |    55 |    23 ||   298
       Invisible         |       |       |     1 |     2 |    22 |    19 |       |     2 |       ||    46
       Petrifying        |       |       |     2 |       |       |       |       |       |       ||     2
       Paralysed         |       |       |     2 |       |       |       |       |       |       ||     2
       Distracted        |       |       |     1 |     5 |     8 |    11 |    27 |    19 |    16 ||    87
  Eat: Fruit             |       |     2 |     2 |       |     7 |    10 |     7 |       |       ||    28
       Bread ration      |       |       |     1 |     1 |     1 |     3 |     2 |     4 |     4 ||    16
       Royal jelly       |       |       |       |     1 |     1 |       |       |     1 |       ||     3
       Pizza             |       |       |       |       |       |       |       |     2 |     8 ||    10
Armor: Robe              |     2 |     5 |    45 |    10 |    18 |    35 |    65 |    91 |    95 ||   366
Dodge: Dodged            |    29 |    57 |   273 |   239 |   272 |   516 |   511 |   814 |   834 ||  3545
       Deflected         |       |       |       |       |     2 |    81 |    31 |    50 |    53 ||   217
Block: Buckler           |       |       |       |    13 |   230 |   724 |   624 |   559 |   606 ||  2756
       Reflection        |       |       |       |       |    27 |   154 |    85 |       |       ||   266
